 Dungeon Crawl Stone Soup version 0.20.1-1-g8b1a95d (webtiles) character file.

13405 Taleris the Basher (level 11, -1/99 HPs)
             Began as a Minotaur Fighter on Dec 19, 2017.
             Was a Priest of the Shining One.
             Slain by an eight-headed hydra (2 damage)
             ... on level 12 of the Dungeon on Jan 2, 2018.
             The game lasted 00:54:20 (8954 turns).

Taleris the Basher (Minotaur Fighter)               Turns: 8954, Time: 00:54:20

Health: -1/99      AC: 18    Str: 27    XL:     11   Next: 75%
Magic:  10/10      EV:  9    Int:  5    God:    the Shining One [***...]
Gold:   642        SH: 19    Dex: 10    Spells: 10/10 levels left

rFire    . . .     SeeInvis .   a - +1 flail
rCold    . . .     Gourm    .   c - +2 shield
rNeg     + . .     Faith    .   h - +0 chain mail
rPois    .         Spirit   .   (helmet restricted)
rElec    .         Reflect  .   k - +0 cloak
rCorr    .         Harm     .   (no gloves)
MR       .....                  g - +2 pair of boots
Stlth    ..........             (no amulet)
Regen    0.7/turn               (no ring)
MPRegen  0.2/turn               l - +3 ring of strength

@: lethally poisoned (-1 -> -1), slowed, glowing, very slow
A: retaliatory headbutt, horns 2, large bone plates 1, molten scales 1,
regeneration 1, wild magic 1
a: Divine Shield, Renounce Religion


You were on level 12 of the Dungeon.
You worshipped the Shining One.
The Shining One was most pleased with you.
You were not hungry.

You visited 3 branches of the dungeon, and saw 14 of its levels.

You collected 642 gold pieces.

Inventory:

Hand Weapons
 a - a +1 flail (weapon)
 p - a +0 shortbow
Missiles
 v - 131 arrows
Armour
 c - a +2 shield (worn)
 g - a +2 pair of boots (worn)
 h - a +0 chain mail (worn)
 k - a +0 cloak (worn)
Jewellery
 l - a +3 ring of strength (right hand)
 B - an uncursed ring of wizardry {unknown}
 G - a cursed -2 ring of protection {unknown}
Wands
 f - a wand of flame (27/48)
 F - a wand of acid (5/15)
 H - a wand of confusion (19/48)
 I - a wand of flame (27/48)
 L - a wand of polymorph (6/24)
Scrolls
 b - 7 scrolls of amnesia
 e - 4 scrolls of remove curse
 n - 5 scrolls of teleportation
 o - 2 scrolls of random uselessness
 r - 4 scrolls of recharging
 s - 2 scrolls of magic mapping
 y - 3 scrolls of fog
 A - 3 scrolls of identify
Potions
 d - a potion of might
 i - a potion of haste
 j - a potion of agility
 m - 2 potions of ambrosia
 q - 6 potions of curing
 u - a potion of berserk rage
 w - a potion of flight {unknown}
 C - a potion of brilliance {unknown}
 D - a potion of resistance {unknown}
 E - a potion of lignification {unknown}
 K - a potion of magic {unknown}
Books
 z - a book of Flames

   Spells                             Type                      Level
   a - Flame Tongue                   Conjuration/Fire             1
   b - Throw Flame                    Conjuration/Fire             2
   c - Conjure Flame                  Conjuration/Fire             3
   d - Inner Flame                    Hexes/Fire                   3
   e - Sticky Flame                   Conjuration/Fire             4
   f - Fireball                       Conjuration/Fire             5
Comestibles
 t - a meat ration
 x - 24 fruits
 J - a chunk of flesh


   Skills:
 + Level 9.6 Fighting
 + Level 13.7 Maces & Flails
 + Level 9.9 Armour
 + Level 3.7 Dodging
 + Level 0.3 Stealth
 + Level 12.1 Shields


You had 10 spell levels left.
You didn't know any spells.

Dungeon Overview and Level Annotations

Branches:
Dungeon (12/15)            Temple (1/1) D:5            Lair (1/6) D:9
    Orc: D:9-12

Altars:
Ashenzari
Cheibriados
Dithmenos
Elyvilon
Fedhas
Gozag
Hepliaklqana
Kikubaaqudgha
Makhleb
Nemelex Xobeh
Okawaru
Qazlal
Ru
Sif Muna
Trog
Uskayaw
Vehumet
Xom
Yredelemnul
Zin
The Shining One

Shops:
D:4 *   D:10 ?:}

Annotations:
D:12 sanboga's ghost, weakling FoWn


Innate Abilities, Weirdness & Mutations

You reflexively headbutt those who attack you in melee.
You have a pair of horns on your head.
You are partially covered in large bone plates. (SH +4)
You are partially covered in molten scales. (AC +2)
Your natural rate of healing is unusually fast.
Your spells are a little harder to cast, but a little more powerful.


Message History

* * * LOW HITPOINT WARNING * * *
You block the eight-headed hydra's attack.
The eight-headed hydra bites you but does no damage.
You block the eight-headed hydra's attack.
The eight-headed hydra bites you but does no damage.
The eight-headed hydra bites you!
* * * LOW HITPOINT WARNING * * *
You block the eight-headed hydra's attack.
The eight-headed hydra bites you. The Shining One protects you from harm!
The eight-headed hydra bites you but does no damage.
The hornet stings you but does no damage.
The bullfrog hits you but does no damage.
The gargoyle hurls a stone arrow at you.
The stone arrow hits you! The Shining One protects you from harm!
The howler monkey hits you but does no damage.
The hornet stings you but does no damage.
The eight-headed hydra bites you.
You die...

.. ......... ....
........
.......###......
........#......# .
.........W......>###..
..................#..!
#........^...W........
#.... #....9Dh.......
#....###....@y)......
##.....#.....pF.......
#.....................
......?...........#...
.................## ..
...........#......# .
..........###........
........... .........
...................!!


You could see a death knight, an eight-headed hydra, a phantom, a hornet, a
gargoyle, a bullfrog, a howler monkey and sanboga's ghost.

Vanquished Creatures
  4 two-headed ogres
  An ugly thing (D:11)
  The ghost of gregunderscorem the Skirmisher, a novice FoFi of Okawaru (D:5)
  A cyclops (D:11)
  A manticore (D:12)
  A centaur zombie (D:11)
  A black mamba (Lair:1)
  2 spiny frogs (Lair:1)
  A kobold demonologist (D:11)
  3 trolls
  5 hippogriffs
  9 yaks
  A wyvern (D:9)
  2 hungry ghosts
  2 water moccasins
  An orc warrior (D:10)
  4 ice beasts
  8 ogres
  A necrophage (D:10)
  3 sky beasts
  A phantom (D:5)
  3 centaurs
  2 big kobolds
  5 bullfrogs
  3 scorpions
  12 killer bees
  3 howler monkeys
  3 crimson imps
  2 bullfrog zombies
  2 hounds
  4 jellies
  5 bullfrog skeletons
  A quasit (D:10)
  3 orc priests
  2 gnoll shamans (D:4)
  5 orc wizards
  3 iguanas
  8 worker ants
  A hound skeleton (D:9)
  7 gnolls (D:4)
  3 worker ant zombies
  3 adders
  A shadow imp (D:7)
  An ooze (D:6)
  An adder skeleton (D:4)
  5 worms
  3 dart slugs
  A leopard gecko (D:4)
  10 orcs
  8 giant cockroaches
  9 goblins
  8 hobgoblins
  11 jackals
  2 quokkas
  2 ball pythons
  6 bats
  4 frilled lizards
  7 kobolds
  A leopard gecko skeleton (D:4)
  2 quokka skeletons
  A quokka zombie (D:6)
  8 rats
224 creatures vanquished.

Notes
Turn   | Place    | Note
-------+----------+-------------------------------------------
     0 | D:1      | Taleris the Minotaur Fighter began the quest for the Orb.
     0 | D:1      | Reached XP level 1. HP: 19/19 MP: 0/0
   145 | D:1      | Reached XP level 2. HP: 26/27 MP: 1/1
   899 | D:2      | Reached XP level 3. HP: 33/33 MP: 2/2
  1011 | D:2      | Reached skill level 3 in Maces & Flails
  1910 | D:3      | Gained mutation: Your spells are a little harder to cast, but a little more powerful. [potion of mutation]
  1910 | D:3      | Lost mutation: Your spells are a little harder to cast, but a little more powerful. [potion of mutation]
  1910 | D:3      | Gained mutation: You are partially covered in slimy green scales. (AC +2) [potion of mutation]
  1910 | D:3      | Gained mutation: Your flesh is heat resistant. (rF+) [potion of mutation]
  1928 | D:3      | Lost mutation: Your flesh is heat resistant. (rF+) [potion of mutation]
  1928 | D:3      | Gained mutation: You possess an exceptional clarity of mind. [potion of mutation]
  1928 | D:3      | Gained mutation: You have large cloven feet. [potion of mutation]
  1961 | D:3      | Reached skill level 1 in Dodging
  1961 | D:3      | Reached XP level 4. HP: 38/40 MP: 3/3
  2298 | D:4      | Noticed an ogre
  2304 | D:4      | Killed an ogre
  2304 | D:4      | Reached skill level 4 in Maces & Flails
  2304 | D:4      | Reached XP level 5. HP: 47/47 MP: 4/4
  2372 | D:4      | Reached skill level 5 in Armour
  2453 | D:4      | Reached XP level 6. HP: 38/55 MP: 5/5
  2460 | D:4      | Reached skill level 5 in Maces & Flails
  2605 | D:4      | Found Nuus's General Store.
  2631 | D:4      | Reached skill level 5 in Fighting
  2631 | D:4      | Reached skill level 5 in Shields
  2661 | D:5      | Entered Level 5 of the Dungeon
  2706 | D:5      | Reached skill level 6 in Maces & Flails
  2706 | D:5      | Reached XP level 7. HP: 38/61 MP: 6/6
  2994 | D:5      | Found a staircase to the Ecumenical Temple.
  3055 | D:5      | Reached skill level 7 in Maces & Flails
  3068 | Temple   | Entered the Ecumenical Temple
  3263 | Temple   | Became a worshipper of the Shining One
  3521 | D:5      | Noticed gregunderscorem's ghost (novice FoFi)
  3529 | D:5      | Killed gregunderscorem's ghost
  3529 | D:5      | Reached skill level 8 in Maces & Flails
  3529 | D:5      | Reached XP level 8. HP: 7/70 MP: 7/7
  3838 | D:5      | Reached skill level 9 in Maces & Flails
  4556 | D:6      | Lost mutation: You have large cloven feet. [potion of mutation]
  4556 | D:6      | Lost mutation: You possess an exceptional clarity of mind. [potion of mutation]
  4556 | D:6      | Lost mutation: You are partially covered in slimy green scales. (AC +2) [potion of mutation]
  4556 | D:6      | Gained mutation: You have a somewhat thin skeletal structure. (Dex +2, Stealth) [potion of mutation]
  4556 | D:6      | Gained mutation: Scrolls take you a little longer to read. [potion of mutation]
  4556 | D:6      | Gained mutation: You have a pair of large horns on your head. [potion of mutation]
  4557 | D:6      | Lost mutation: You have a somewhat thin skeletal structure. (Dex +2, Stealth) [potion of mutation]
  4557 | D:6      | Lost mutation: Scrolls take you a little longer to read. [potion of mutation]
  4557 | D:6      | Lost mutation: You have a pair of large horns on your head. [potion of mutation]
  4557 | D:6      | Gained mutation: Your natural rate of healing is unusually fast. [potion of mutation]
  4557 | D:6      | Gained mutation: Your spells are a little harder to cast, but a little more powerful. [potion of mutation]
  4557 | D:6      | Gained mutation: You are partially covered in molten scales. (AC +2) [potion of mutation]
  4557 | D:6      | Gained mutation: You are partially covered in large bone plates. (SH +4) [potion of mutation]
  4644 | D:6      | Reached * piety under the Shining One
  4812 | D:6      | Reached XP level 9. HP: 78/78 MP: 8/8
  5055 | D:7      | Reached skill level 10 in Maces & Flails
  5579 | D:8      | Noticed a two-headed ogre
  5591 | D:8      | Killed a two-headed ogre
  5591 | D:8      | Reached skill level 11 in Maces & Flails
  5627 | D:8      | Reached XP level 10. HP: 57/88 MP: 9/9
  6246 | D:9      | Found a hide-covered altar of Uskayaw.
  6246 | D:9      | Found a burning altar of Makhleb.
  6253 | D:9      | Found an iron altar of Okawaru.
  6532 | D:9      | Found a staircase to the Lair.
  6545 | Lair:1   | Entered Level 1 of the Lair of Beasts
  6601 | Lair:1   | Noticed a spiny frog
  6615 | Lair:1   | Reached skill level 12 in Maces & Flails
  6619 | Lair:1   | Killed a spiny frog
  6678 | Lair:1   | Noticed a spiny frog
  6681 | Lair:1   | Noticed a black mamba
  6694 | Lair:1   | Killed a black mamba
  6695 | Lair:1   | Killed a spiny frog
  6867 | D:9      | Reached skill level 10 in Shields
  7299 | D:10     | Entered Level 10 of the Dungeon
  7312 | D:10     | Reached XP level 11. HP: 77/95 MP: 10/10
  7338 | D:10     | Noticed a two-headed ogre
  7338 | D:10     | Reached ** piety under the Shining One
  7348 | D:10     | Killed a two-headed ogre
  7465 | D:10     | Found Rebay's Magic Scroll Shoppe.
  7524 | D:10     | Noticed a two-headed ogre
  7530 | D:10     | Found Nozulo's Gadget Boutique.
  7535 | D:10     | Killed a two-headed ogre
  7535 | D:10     | Reached skill level 13 in Maces & Flails
  7764 | D:10     | Found Mytahe Cicaa's Book Shoppe.
  8153 | D:11     | Noticed a two-headed ogre
  8158 | D:11     | Killed a two-headed ogre
  8315 | D:11     | Noticed a cyan ugly thing
  8328 | D:11     | Killed a cyan ugly thing
  8412 | D:11     | Reached *** piety under the Shining One
  8858 | D:12     | Noticed a death knight
  8943 | D:12     | Noticed an eight-headed hydra
  8944 | D:12     | Noticed sanboga's ghost (weakling FoWn)
  8947 | D:12     | Paralysed by a hornet for 2 turns
  8954 | D:12     | HP: 1/99 [eight-headed hydra (9)]
  8954 | D:12     | The Shining One protects you from harm!
  8954 | D:12     | The Shining One protects you from harm!
  8954 | D:12     | Slain by an eight-headed hydra

Skill      XL: |  1  2  3  4  5  6  7  8  9 10 11 |
---------------+----------------------------------+-----
Fighting       | 4 5 6 7 8 9 |  9.6
Armour         | 4 5 6 7 8 9 |  9.9
Maces & Flails | 3 4 6 8 9 11 12 13 | 13.7
Shields        | 4 5 6 7 8 10 12 | 12.1
Dodging        | 1 2 3 |  3.7
Stealth        | |  0.3

Action                   |  1- 3 |  4- 6 |  7- 9 | 10-12 || total
-------------------------+-------+-------+-------+-------++-------
Melee: Flail             |    96 |    57 |   205 |   346 ||   704
       Headbutt          |     7 |    13 |    45 |    65 ||   130
       Kick              |     1 |    18 |    29 |       ||    48
  Use: Scroll            |     8 |     6 |     3 |     6 ||    23
       Potion            |     6 |       |     6 |       ||    12
  Eat: Bread ration      |     1 |       |     2 |       ||     3
       Chunk             |       |     1 |     3 |     2 ||     6
       Meat ration       |       |       |     1 |     1 ||     2
Armor: Scale mail        |    17 |       |       |       ||    17
       Chain mail        |    52 |    21 |    68 |   157 ||   298
Dodge: Dodged            |    32 |    20 |    29 |    89 ||   170
Block: Shield            |    79 |    29 |   133 |   343 ||   584
